Map: Oxide LE

Players

LiquidClem (Clem)

  • Race: Terran Terran
  • League: Grandmaster
  • Spawn Location: 1:00

LiquidMaNa (MaNa) - Winner!

  • Race: Protoss Protoss
  • League: Grandmaster
  • Spawn Location: 7:00

Event: StayAtHome Story Cup #3

VOD

Have the link to the VOD?

Description

Time

  • Played on: March 11, 2021, 8:35 a.m.
  • Length: 12:12

All games in this series

Show
View Real Time Build Order
Export as new Build Order

LiquidClem Terran 

Build Orders: Reaper Expand 

Get SALT Encoding   

  12  0:00  SCV  
  13  0:12  SCV  
  14  0:17  Supply Depot  
  14  0:24  SCV  
  15  0:38  SCV  
  15  0:40  Barracks  
  16  0:43  Refinery  
  16  0:50  SCV  
  17  1:02  SCV  
  18  1:15  SCV  
  19  1:27  Reaper, Orbital Command  
  20  1:49  Command Center  
  20  1:53  SCV, Supply Depot  
  21  1:58  Marine  
  22  2:05  SCV  
  22  2:08  Factory  
  23  2:16  Marine  
  23  2:21  SCV, Bunker  
  25  2:27  Refinery  
  25  2:33  SCV  
  25  2:36  Barracks Reactor  
  26  2:45  SCV  
  27  2:52  Hellion  
  27  2:55  Starport  
  27  2:57  SCV  
  30  3:01  Orbital Command  
  30  3:09  SCV  
  30  3:12  Marine x2  
  33  3:13  Widow Mine  
  35  3:21  SCV  
  36  3:28  SCV  
  36  3:31  Marine x2, Supply Depot  
  36  3:33  SCV, Medivac  
  42  3:36  Widow Mine  
  42  3:40  SCV  
  45  3:45  SCV  
  45  3:51  Barracks  
  45  3:54  Marine  
  45  3:55  SCV, Marine  
  48  3:57  SCV  
  48  4:00  Factory Tech Lab  
  48  4:02  Barracks  
  47  4:03  Starport Tech Lab  
  47  4:07  SCV  
  48  4:10  SCV  
  48  4:12  Marine x2  
  48  4:14  Supply Depot  
  51  4:21  Raven  
  51  4:22  SCV  
  54  4:29  Supply Depot  
  54  4:35  SCV, Marine x2, Siege Tank  
  54  4:36  Supply Depot  
  60  4:43  Marine  
  59  4:46  SCV  
  59  4:47  SCV  
  59  4:48  Refinery  
  61  4:53  Marine x2  
  61  4:58  SCV, Engineering Bay  
  64  5:01  SCV, Supply Depot  
  65  5:09  Stimpack  
  65  5:10  Marine  
  65  5:11  SCV, Starport Reactor, Marine, Barracks Tech Lab  
  68  5:14  Refinery  
  68  5:16  SCV  
  68  5:18  Marine, Supply Depot  
  70  5:23  SCV, Supply Depot  
  70  5:24  Terran Infantry Weapons Level 1  
  71  5:28  Marine  
  71  5:29  SCV  
  71  5:32  Marauder  
  71  5:33  Marauder  
  77  5:36  Marine  
  77  5:41  Supply Depot, Siege Tank  
  81  5:45  Supply Depot  
  81  5:46  Marine  
  81  5:49  Combat Shield  
  82  5:51  SCV  
  82  5:52  SCV  
  82  5:54  Marine  
  82  5:56  Marauder x2  
  89  5:59  Supply Depot  
  89  6:04  Marine  
  90  6:11  Command Center  
  90  6:12  Marine  
  90  6:14  Siege Tank  
  94  6:21  Supply Depot  
  94  6:22  Marine x2, Medivac  
  94  6:25  Medivac  
  100  6:30  Supply Depot  
  100  6:31  Marine x2  
  102  6:38  Supply Depot  
  102  6:40  Marauder x2  
  102  6:46  Supply Depot  
  106  6:48  Siege Tank  
  106  6:49  Marine x2  
  106  6:53  SCV x2  
  113  6:58  Supply Depot  
  111  7:04  Barracks, Marauder  
  111  7:05  Barracks  
  112  7:13  Marauder  
  110  7:16  Marine  
  110  7:18  SCV  
  110  7:20  Siege Tank  
  105  7:26  Marauder  
  92  7:31  SCV, Marine  
  92  7:35  Marauder  
  92  7:36  SCV  
  90  7:41  Orbital Command  
  90  7:44  SCV  
  90  7:45  Marine  
  90  7:47  Marauder  
  94  7:51  Marine  
  94  7:52  Barracks Tech Lab, SCV  
  94  7:56  Siege Tank  
  94  7:57  SCV  
  100  8:02  Orbital Command  
  100  8:04  SCV, Marauder  
  103  8:09  SCV, Marauder  
  103  8:11  Marine x2  
  103  8:12  Barracks Reactor  
  108  8:16  SCV  
  101  8:20  Marauder  
  101  8:21  SCV  
  101  8:25  Marauder  
  92  8:29  Marine  
  92  8:30  Marauder  
  92  8:31  Siege Tank  
  61  8:41  Marine  
  47  8:56  Marauder  
  29  9:19  SCV x2  
  31  9:28  SCV  
  31  9:31  SCV  
  31  9:34  SCV  
  33  9:50  Viking x2  
  37  9:58  Marauder  
  39  10:00  Marine  
  39  10:02  Marauder  
  35  10:08  Marine  
  36  10:15  SCV x3  
  39  10:21  Marine x2  
  39  10:27  SCV x2  
  39  10:28  SCV  
  44  10:36  Marine  
  44  10:39  SCV x2  
  44  10:40  SCV  
  44  10:42  Marine x2  
  50  10:46  Marine  
  43  10:51  Orbital Command, SCV x2  
  43  10:55  Marauder  
  43  10:59  Marauder  
  43  11:01  Marine  
  42  11:08  Marine x2  
  44  11:15  Marine  
  44  11:16  Marine  
  46  11:24  Marine  
  40  11:26  Orbital Command  
  40  11:32  SCV, Marine  
  39  11:38  SCV  
  40  11:45  Orbital Command  
Show
View Real Time Build Order
Export as new Build Order

LiquidMaNa Protoss - Winner!

Build Orders: 1 Gate Expand, Blink Stalkers, Colossus Rush 

Get SALT Encoding   

  12  0:00  Probe  
  13  0:12  Probe  
  14  0:17  Pylon  
  14  0:24  Probe (Chrono Boost)  
  15  0:36  Probe (Chrono Boost)  
  15  0:37  Gateway  
  16  0:44  Probe (Chrono Boost)  
  16  0:46  Assimilator  
  17  0:50  Probe  
  18  1:03  Probe  
  19  1:15  Probe  
  20  1:24  Cybernetics Core  
  20  1:33  Nexus  
  20  1:40  Pylon  
  20  1:44  Probe  
  21  1:51  Assimilator  
  21  1:56  Probe  
  21  1:58  Adept (Chrono Boost)  
  24  2:04  Warp Gate  
  25  2:08  Probe (Chrono Boost)  
  25  2:18  Probe (Chrono Boost)  
  25  2:20  Stalker  
  28  2:23  Probe (Chrono Boost)  
  29  2:31  Twilight Council  
  29  2:34  Probe  
  30  2:45  Probe (Chrono Boost)  
  30  2:49  Probe (Chrono Boost), Robotics Facility  
  32  2:57  Probe (Chrono Boost)  
  33  3:03  Probe (Chrono Boost)  
  33  3:04  Gateway  
  34  3:06  Probe (Chrono Boost)  
  34  3:11  Probe  
  34  3:12  Blink (Chrono Boost)  
  36  3:16  Probe  
  37  3:23  Probe  
  38  3:30  Gateway  
  38  3:31  Gateway  
  38  3:41  Warp Prism (Chrono Boost)  
  38  3:44  Probe x2  
  41  3:56  Probe x2  
  43  4:03  Robotics Bay  
  43  4:05  Assimilator  
  43  4:08  Probe, Assimilator  
  43  4:09  Probe  
  45  4:12  Observer (Chrono Boost)  
  45  4:13  Pylon  
  46  4:31  Probe (Chrono Boost), Observer  
  49  4:32  Stalker x2  
  49  4:37  Probe (Chrono Boost)  
  52  4:40  Probe (Chrono Boost)  
  52  4:44  Probe (Chrono Boost)  
  54  4:46  Nexus  
  54  4:51  Pylon  
  54  4:59  Observer, Pylon  
  54  5:03  Observer  
  54  5:06  Colossus (Chrono Boost)  
  54  5:09  Probe x2  
  54  5:12  Extended Thermal Lance  
  62  5:18  Sentry  
  64  5:21  Probe, Pylon  
  64  5:22  Probe  
  64  5:27  Charge  
  66  5:34  Probe, Sentry  
  69  5:39  Observer, Probe  
  70  5:46  Probe, Zealot x2  
  70  5:47  Zealot  
  77  5:51  Pylon  
  77  5:54  Colossus (Chrono Boost)  
  77  6:01  Probe x3  
  86  6:08  Observer  
  85  6:16  Zealot x4  
  93  6:19  Gateway  
  93  6:21  Probe  
  93  6:22  Probe, Gateway  
  95  6:28  Gateway  
  95  6:32  Shield Battery  
  95  6:39  Colossus  
  101  6:48  Shield Battery, Pylon  
  101  6:52  Pylon  
  101  6:59  Probe x2  
  101  7:04  Pylon  
  101  7:06  Probe, Pylon  
  102  7:08  Pylon  
  102  7:15  Zealot x5  
  102  7:30  Colossus (Chrono Boost)  
  102  7:37  Zealot x7  
  116  7:44  Templar Archives  
  116  7:58  Stalker x5  
  126  7:59  Stalker  
  126  8:05  Probe x3  
  121  8:24  Sentry x2  
  119  8:27  Zealot x3  
  98  8:47  Zealot  
  98  8:48  Shield Battery  
  66  9:03  Colossus (Chrono Boost)  
  66  9:09  Observer  
  49  9:23  Probe x2, Gateway  
  50  9:26  Gateway  
  50  9:27  Gateway  
  49  9:38  Pylon, Stalker  
  49  9:39  Probe  
  49  9:40  Probe  
  49  9:41  Pylon  
  47  9:53  Probe  
  47  9:54  Probe x2  
  54  10:00  Stalker x2  
  54  10:05  Zealot  
  48  10:21  High Templar x2  
  50  10:25  Archon  
  50  10:27  Shield Battery  
  50  10:32  Probe  
  51  10:41  Pylon  
  37  11:09  Zealot, Stalker x2  
  37  11:10  Stalker  
  37  11:11  Stalker  
  40  11:35  Probe x2  
  40  11:36  Zealot x2  
  40  11:39  Zealot  
  42  11:52  Probe (Chrono Boost)  
  42  11:53  Probe (Chrono Boost)  
  38  11:55  Probe (Chrono Boost)  
  39  12:04  Probe (Chrono Boost)  
Tags
 
Add a new tag
Caveats
  • Supply blocks, unpowered buildings, or Contaminate may cause inaccurate times.
  • Supply counts are checked every 10 seconds.